 Dungeon Crawl Stone Soup version 0.22-a0-362-g535178c (webtiles) character file.

50 4thArraOfDagon the Grave Robber (level 3, 0/14 HPs)
             Began as a Felid Necromancer on Apr 19, 2018.
             Slain by a sky beast (4 damage)
             ... on level 7 of the Dungeon.
             The game lasted 00:04:10 (1010 turns).

4thArraOfDagon the Grave Robber (Felid Necromancer) Turns: 1010, Time: 00:04:10

Health: 0/14       AC:  1    Str:  4    XL:     3   Next: 55%
Magic:  7/7        EV: 18    Int: 17    God:
Gold:   19         SH:  0    Dex: 16    Spells: 3/7 levels left
                                        Lives:  0   Deaths: 0

rFire    . . .     SeeInvis +   (weapon unavailable)
rCold    . . .     Gourm    .   (shield unavailable)
rNeg     . . .     Faith    .   (armour unavailable)
rPois    .         Spirit   .   (helmet unavailable)
rElec    .         Reflect  .   (cloak unavailable)
rCorr    .         Harm     .   (gloves unavailable)
MR       .....                  (boots unavailable)
Stlth    +++.......             (no amulet)
HPRegen  0.04/turn              (no ring)
MPRegen  0.10/turn              (no ring)

@: quick
A: very small, no armour, no weapons or thrown items, stealth, claws 1, fangs 3,
see invisible, carnivore, speed 1, shaggy fur 1, slow metabolism 1, sharp paws
a: no special abilities


You were on level 7 of the Dungeon.
You were very full.

You visited 1 branch of the dungeon, and saw 7 of its levels.

You collected 91 gold pieces.
You spent 72 gold pieces at shops.

Inventory:

Jewellery
 a - the ring of Teof {*Tele rC+ rN+ Int-3 Stlth+}
   (You found it on level 7 of the Dungeon)

   [ring of teleportation]

   It may teleport you next to monsters.
   It affects your intelligence (-3).
   It protects you from cold.
   It protects you from negative energy.
   It makes you more stealthy.
Scrolls
 c - a scroll of acquirement {unknown}
 d - a scroll of enchant armour {unknown}
 e - a scroll of holy word {unknown}
 g - a scroll of remove curse
Potions
 h - a potion of invisibility
Comestibles
 b - 4 rations


   Skills:
 - Level 2.6 Dodging
 - Level 2.6 Stealth
 + Level 2.6 Spellcasting
 * Level 4.9 Necromancy


You had 3 spell levels left.
You knew the following spells:

 Your Spells              Type           Power        Failure   Level  Hunger
a - Pain                  Necr           ###.         2%          1    #......
b - Vampiric Draining     Necr           ###.......   7%          3    ###....


Dungeon Overview and Level Annotations

Branches:
Dungeon (7/15)
 Temple: D:4-7

Altars:
Dithmenos
Xom

Shops:
D:7 *


Innate Abilities, Weirdness & Mutations

You cannot wear armour.
You are incapable of wielding weapons or throwing items.
Your paws allow you to move quietly. (Stealth)
You have sharp claws.
You have razor-sharp teeth.
You have supernaturally acute eyesight. (SInv)
You are carnivorous and can eat meat at any time.
You cover ground quickly.
You are covered in fur. (AC +1)
You have a slow metabolism.
Your sharp claws are effective at attacking unaware monsters.


Message History

Found a scroll labeled UMAOPT RAUMP.
h - a fuming blue potion
As you read the scroll of identify, it crumbles to dust.
h - a potion of invisibility An adder comes into view.
Found 11 sling bullets.
An adder comes into view.
Unknown command.
The adder hisses angrily. x2
Unknown command.
Unknown command.
A sky beast comes into view.
You hear a blaring wail to the west.
You hear a shout!
You hear a bark!
Found a stone staircase leading up.
Unknown command.
The sky beast hits you. The sky beast shocks you.
* * * LOW HITPOINT WARNING * * *
Unknown command.
The sky beast hits you.
You die...

.# .# #.##
######## ##<..#
....(.# #..#.#
#S..#.#######....
#..............#
####...#.# #@Y#
.......#?#####
#..#
#......S.###..#
##.#.###.S.S..#
#....##..##..#
#....##...#+##
..####....###.##
.......#.## #.#
#######...###.#


You could see a sky beast and an adder.

Vanquished Creatures
  A bullfrog skeleton (D:5)
  An adder skeleton (D:7)
  An orc (D:4)
  A giant cockroach (D:1)
  4 goblins
  5 hobgoblins
  3 rats
16 creatures vanquished.

Notes
Turn   | Place    | Note
-------+----------+-------------------------------------------
     0 | D:1      | 4thArraOfDagon the Felid Necromancer began the quest for the Orb.
     0 | D:1      | Reached XP level 1. HP: 7/7 MP: 4/4
   257 | D:2      | Reached XP level 2. HP: 1/11 MP: 0/6
   521 | D:5      | Entered Level 5 of the Dungeon
   628 | D:5      | Found a shimmering altar of Xom.
   628 | D:5      | Noticed a sky beast
   674 | D:5      | Reached XP level 3. HP: 10/14 MP: 7/7
   679 | D:5      | Learned a level 3 spell: Vampiric Draining
   714 | D:7      | Found a shadowy altar of Dithmenos.
   740 | D:7      | Found Juotrom's Assorted Antiques.
   749 | D:7      | Got a scintillating platinum ring
   750 | D:7      | Identified the ring of Teof {*Tele rC+ rN+ Int-3 Stlth+} (You found it on level 7 of the Dungeon)
   971 | D:7      | Bought a scroll labeled CIDIBE ORECOXT for 24 gold pieces
   971 | D:7      | Bought a scroll labeled PAM ESAISS for 24 gold pieces
   971 | D:7      | Bought a scroll labeled COAMAO CURECS for 24 gold pieces
  1007 | D:7      | Noticed a sky beast
  1010 | D:7      | Slain by a sky beast

Vault maps used:
D:1:      dpeg_arrival_renting, kennysheep_small_spiral
D:2:      uniq_jessica
D:3:      st_stairs_3, minmay_misc_feat_pillars
D:4:      kiku_gazebo_pond_becter
D:5:      first_ration, led_xom_imps, uniq_duvessa
D:6:      minmay_temple_entry_large_hall, serial_shops, shop, shop,
          nicolae_shop_statue_plus, lemuel_oklob_altar, uniq_pikel
D:7:      lemuel_round_altar, serial_shops, nicolae_shop_window_shopping, shop,
          nicolae_shop_competitors_out_of_business,
          nicolae_shop_window_shopping, shop, the_bakery

Action                   || total
-------------------------++-------
Melee: Unarmed           ||     9
 Cast: Pain              ||    28
  Use: Scroll            ||     8
       Potion            ||     3
  Eat: Chunk             ||     6
Dodge: Dodged            ||    11

Table legend:
 A = Spawn XP
 B = Non-spawn XP
 C = Spawn XP percentage of total XP
 D = Spawn monster count
 E = Non-spawn monster count
 F = Spawn count percentage of total count
 G = Total turns spent on level
                    A         B        C        D         E        F      G
               +---------+---------+-------+---------+---------+-------+---------
         Total |       0 |      72 |   0.0 |       0 |      16 |   0.0 |  1010
               +---------+---------+-------+---------+---------+-------+---------
           D:1 |       0 |       9 |   0.0 |       0 |       5 |   0.0 |   219
           D:2 |       0 |      11 |   0.0 |       0 |       6 |   0.0 |   183
           D:3 |       0 |       3 |   0.0 |       0 |       2 |   0.0 |    40
           D:4 |       0 |       3 |   0.0 |       0 |       1 |   0.0 |    79
           D:5 |       0 |      41 |   0.0 |       0 |       1 |   0.0 |   185
           D:7 |       0 |       5 |   0.0 |       0 |       1 |   0.0 |   299
               +---------+---------+-------+---------+---------+-------+---------
